 Dungeon Crawl Stone Soup version 0.31-a0-174-g85c54bcb58 (webtiles) character file.

Game seed: 17318979657880617375

730 IdlyInterested the Sneak (level 7, -1/51 HPs)
             Began as a Demonspawn Gladiator on June 15, 2023.
             Slain by an ogre
             ... wielding a +0 giant club
              (30 damage)
             ... on level 5 of the Dungeon.
             The game lasted 00:15:31 (4545 turns).

IdlyInterested the Sneak (Demonspawn Gladiator)     Turns: 4545, Time: 00:15:32

Health: -1/51      AC: 12    Str: 14    XL:     7   Next: 44%
Magic:  11/11      EV: 12    Int: 10    God:
Gold:   4          SH:  7    Dex: 16    Spells: 9/12 levels left

rFire   . . .        j - +1 dagger (venom)
rCold   . . .        p - +3 warlock's mirror {omnireflect}
rNeg    . . .        b - +1 leather armour
rPois   .            (helmet restricted)
rElec   +            w - +0 cloak
rCorr   .            q - +4 pair of gloves "Nummueno" {rElec}
SInv    .            (no boots)
Will    .....        h - amulet of magic regeneration
Stlth   +++          (no ring)
HPRegen 0.28/turn    (no ring)
MPRegen 0.52/turn

%: reflection
@: studying Throwing
A: antennae 2, icy blue scales 1, powered by pain 1, demonic magic 1
a: no special abilities


You were on level 5 of the Dungeon.
You visited 2 branches of the dungeon, and saw 6 of its levels.

You collected 200 gold pieces.
You spent 196 gold pieces at shops.

Inventory:

Hand Weapons
 a - a +0 rapier
 j - a +1 dagger of venom (weapon)
 y - the +3 hand axe of Lust {pain, rN+ rCorr Stlth+}
   (You took it off an orc on level 4 of the Dungeon)

   rN:        It protects you from negative energy.
   rCorr:     It protects you from acid and corrosion.
   Stlth:     It makes you more stealthy.
Missiles
 d - 3 throwing nets
 f - 53 stones (quivered)
Armour
 b - a +1 leather armour (worn)
 p - the +3 warlock's mirror (worn) {omnireflect}
   (You acquired it on level 3 of the Dungeon)

   Omnireflect: It can block and reflect piercing ranged attacks and magical
   attacks against the wielder's willpower.
 q - the +4 pair of gloves "Nummueno" (worn) {rElec}
   (You found it on level 3 of the Dungeon)

   rElec:     It insulates you from electricity.
 w - a +0 cloak (worn)
Jewellery
 h - an amulet of magic regeneration (around neck)
 m - a ring of ice
 r - a ring of ice
Scrolls
 g - a scroll of enchant armour
 l - a scroll of amnesia
 o - 2 scrolls of fear
 u - a scroll of immolation
 z - a scroll of vulnerability {unknown}
 B - a scroll of identify
Potions
 c - a potion of haste
 i - 2 potions of brilliance
 k - a potion of degeneration {unknown}
 n - 3 potions of ambrosia
 s - a potion of magic
 t - a potion of curing
 A - a potion of invisibility


   Skills:
 - Level 2.5 Fighting
 + Level 3.9 Short Blades
 - Level 1.7 Throwing
 - Level 1.0 Armour
 - Level 2.6 Dodging
 * Level 5.8 Stealth
 + Level 1.1 Shields
 - Level 3.0 Spellcasting
 - Level 1.0 Evocations


You had 9 spell levels left.
You knew the following spells:

 Your Spells              Type           Power      Damage    Failure   Level
a - Apportation           Tloc           2%         N/A       43%         1
b - Call Imp              Summ           2%         N/A       58%         2

Your spell library contained the following spells:

 Spells                   Type           Power      Damage    Failure   Level
 Magic Dart               Conj           4%         1d3       43%         1
 Mephitic Cloud           Conj/Pois/Air  1%         N/A       82%         3
 Tukima's Dance           Hex            1%         N/A       82%         3
 Passage of Golubria      Tloc           1%         N/A       99%         4
 Yara's Violent Unravell  Hex/Tmut       0%         3d3       100%        5


Dungeon Overview and Level Annotations

Branches:
Dungeon (5/15)             Temple (1/1) D:4

Altars:
Ashenzari
Cheibriados
Fedhas
Gozag
Hepliaklqana
Kikubaaqudgha
Makhleb
Nemelex Xobeh
Okawaru
Qazlal
Ru
Sif Muna
Trog
Uskayaw
Vehumet
Wu Jian
Xom
Yredelemnul

Shops:
D:1 *


Innate Abilities, Weirdness & Mutations

You have a pair of antennae on your head.
You are partially covered in icy blue scales. (AC +2)
You sometimes gain a little power by taking damage.
Spells you cast may paralyse adjacent enemies.


Message History

You hit the ice beast but do no damage.
The ice beast is moderately wounded.
The ice beast barely misses you.
You barely miss the ice beast.
The ice beast is moderately wounded.
You block the ice beast's attack.
You hit the ice beast but do no damage.
The ice beast is heavily wounded.
The ice beast closely misses you.
The orc wizard shouts!
You hit the ice beast but do no damage.
The ice beast is heavily wounded.
You hear a bellow!
The ice beast hits you but does no damage.
You hit the ice beast but do no damage.
The ice beast looks as sick as possible!
The ice beast is heavily wounded.
You hit the ice beast but do no damage.
The ice beast is severely wounded.
The ice beast barely misses you.
Okay, then.
You remove your ring of ice.
The ice beast hits you but does no damage.
A gnoll comes into view. It is wielding a +0 whip.
You remove your ring of ice.
You hit the ice beast.
The ice beast looks as sick as possible!
The ice beast is almost dead.
You kill the ice beast!
Your Shields skill increases to level 1!
You hit the ogre but do no damage.
The ogre is poisoned.
You block the ogre's attack.
The gnoll shouts!
You hit the ogre.
The ogre looks even sicker.
The ogre is lightly wounded.
You hit the ogre.
The ogre is lightly wounded.
The ogre hits you with a +0 giant club!!
Ouch! That really hurt!
You die...

#.# ..# ###.# #...# .#
#.#<# ##### ##.#.# #.#..
#.. . .....# #.... #.#
.#.#.#.# #.#.. #@#
.......# #.#..
#O###..#.#.#.#.#..
###.##o................
........)...)..#........
.###.#......Y..........#
#.......g............
#..........g#.#####.###
#......#......# ......Y
.......#.##.#.#.###ยง# #


You could see an ogre (very poisoned), an orc wizard and 2 gnolls.

Vanquished Creatures
  An ice beast (D:5)
  2 phantoms
  2 scorpions
  A hound (D:4)
  Terence (D:3)
  3 iguanas
  An orc wizard (D:5)
  10 adders
  3 gnolls (D:2)
  2 ufetubi (D:5)
  3 worms
  5 dart slugs
  8 orcs
  10 bats
  4 endoplasms
  3 giant cockroaches (D:1)
  4 goblins
  7 hobgoblins
  6 kobolds (D:1)
  A quokka (D:1)
  5 ball pythons
  10 frilled lizards
  4 rats
96 creatures vanquished.

Notes
Turn   | Place    | Note
-------+----------+-------------------------------------------
     0 | D:1      | IdlyInterested the Demonspawn Gladiator began the quest for
                  | the Orb.
     0 | D:1      | Reached XP level 1. HP: 16/16 MP: 1/1
    77 | D:1      | Gained mutation: Spells you cast may paralyse adjacent
                  | enemies. [demonic ancestry]
    77 | D:1      | Reached XP level 2. HP: 19/23 MP: 2/2
   177 | D:1      | Reached skill level 1 in Armour
   177 | D:1      | Reached skill level 1 in Stealth
   330 | D:1      | Found a transporter.
   330 | D:1      | Found Xeock's General Store.
   332 | D:1      | Found a transporter.
   431 | D:1      | Gained mutation: You sometimes gain a little power by
                  | taking damage. [demonic ancestry]
   431 | D:1      | Reached XP level 3. HP: 28/28 MP: 3/3
   500 | D:1      | Found a faded altar of an unknown god.
   528 | D:1      | Got Plato's Excursus on Peregrination
   688 | D:1      | Learned a level 1 spell: Apportation
   790 | D:2      | Reached skill level 2 in Stealth
   790 | D:2      | Reached skill level 1 in Evocations
  1017 | D:1      | Bought a scroll of identify for 28 gold pieces
  1112 | D:2      | Gained mutation: You are partially covered in icy blue
                  | scales. (AC +2) [demonic ancestry]
  1112 | D:2      | Reached XP level 4. HP: 11/34 MP: 4/4
  1288 | D:2      | Reached skill level 3 in Stealth
  1309 | D:2      | Reached skill level 1 in Spellcasting
  1627 | D:1      | Bought a scroll of fear for 56 gold pieces
  1797 | D:3      | Noticed Terence
  1824 | D:3      | Killed Terence
  1825 | D:3      | Gained mutation: You have a pair of small antennae on your
                  | head. [demonic ancestry]
  1825 | D:3      | Reached XP level 5. HP: 4/39 MP: 5/7
  2136 | D:3      | Identified 2 scrolls of acquirement
  2136 | D:3      | Acquired a manual of Throwing
  2138 | D:3      | Acquired the +3 warlock's mirror {omnireflect}
  2138 | D:3      | Found the +3 warlock's mirror {omnireflect}
  2220 | D:3      | Identified the +4 pair of gloves "Nummueno" {rElec}
  2389 | D:3      | Found an ancient bone altar of Kikubaaqudgha.
  2543 | D:3      | Found a shimmering blue altar of Sif Muna.
  2918 | D:4      | Reached skill level 4 in Stealth
  2925 | D:4      | Found a snail-covered altar of Cheibriados.
  3035 | D:4      | Found a staircase to the Ecumenical Temple.
  3040 | D:4      | Reached XP level 6. HP: 46/46 MP: 9/9
  3045 | Temple   | Entered the Ecumenical Temple
  3214 | D:4      | Found a hazy altar of Hepliaklqana.
  3321 | D:4      | Learned a level 2 spell: Call Imp
  3569 | D:4      | Found a sacrificial altar of Ru.
  3702 | D:4      | Identified the +3 hand axe of Lust {pain, rN+ rCorr Stlth+}
  4013 | D:1      | Bought a potion of invisibility for 112 gold pieces
  4128 | D:5      | Entered Level 5 of the Dungeon
  4141 | D:5      | Reached skill level 5 in Stealth
  4215 | D:5      | Noticed an ice beast
  4220 | D:5      | Noticed a yak
  4224 | D:5      | Noticed a yak
  4228 | D:5      | Gained mutation: You have a pair of antennae on your head.
                  | [demonic ancestry]
  4228 | D:5      | Reached XP level 7. HP: 40/51 MP: 11/11
  4231 | D:5      | Noticed a yak
  4543 | D:5      | Reached skill level 1 in Shields
  4545 | D:5      | Slain by an ogre

Illustrated notes

Levels and vault maps discovered:
D:1:      dpeg_arrival_water_temple_mockup, layout_rooms,
          shapermc_ecumenical_altar_rom_forum, serial_shops,
          nicolae_shop_drivethru, minmay_lizard_pond
D:2:      layout_rooms, chequers_arboretum, minmay_tetromino_l2
D:3:      layout_basic, marbit_many_paths, lemuel_doored_altar,
          serial_bayou_crossing, uniq_terence
D:4:      kennysheep_big_flooded_room, layout_layer_cave,
          overflow_temple_1_default, worldfamousw_hep_ancestral_shrine,
          mainiacjoe_overflow_chevrons, temple_statues,
          hangedman_decor_slide_cut
D:5:      layout_basic, lemuel_flamethrower_1
Temple:   eino_wide_crystal_templ

Skill      XL: |  1  2  3  4  5  6  7 |
---------------+----------------------+-----
Armour         | 1 |  1.0
Stealth        | 1 2 3 4 5 |  5.8
Evocations     | 1 |  1.0
Spellcasting   | 1 2 3 |  3.0
Short Blades   | 3 |  3.9
Shields        | 1 |  1.1
Fighting       | |  2.5
Throwing       | |  1.7
Dodging        | |  2.6

Action                     |  1- 3 |  4- 6 |  7- 9 || total
---------------------------+-------+-------+-------++-------
  Melee: Rapier            |    42 |       |       ||    42
         Dagger            |    60 |   232 |    45 ||   337
         Punch             |     1 |       |       ||     1
  Throw: Stone             |     3 |     7 |     1 ||    11
         Throwing net      |       |     1 |       ||     1
         Javelin           |       |       |     1 ||     1
    Use: Scroll            |     4 |     5 |     2 ||    11
         Potion            |     1 |     1 |       ||     2
   Stab: Sleeping          |     2 |     7 |       ||     9
 Armour: Leather armour    |    19 |    78 |    23 ||   120
  Dodge: Dodged            |    59 |   107 |    19 ||   185
  Block: Buckler           |       |    49 |    11 ||    60
         Reflection        |       |     1 |       ||     1

Table legend: (Time is in decaauts)
 A = Elapsed time spent in this place.
 B = Non-inter-level travel time spent in this place.
 C = Inter-level travel time spent in this place.
 D = Time resting spent in this place.
 E = Time spent auto-exploring this place.
 F = Levels seen in this place.
 G = Mean time per level.
                   A        B        C        D        E       F      G
               +--------+--------+--------+--------+--------+-----+--------+
         Total |   4531 |   3631 |    900 |    517 |   1801 |   6 |  755.2 |
       Dungeon |   4476 |   3578 |    898 |    517 |   1801 |   5 |  895.2 |
        Temple |     55 |     54 |      1 |      0 |      0 |   1 |   55.0 |
               +--------+--------+--------+--------+--------+-----+--------+

Top non-repeatable levels by time:
     D:4: 1342 daAuts
     D:3: 1096 daAuts
     D:1: 954 daAuts
     D:2: 944 daAuts
     D:5: 139 daAuts
  Temple: 55 daAuts
